 Dungeon Crawl Stone Soup version 0.31.0-11-ge490571c62 (webtiles) character file.

Game seed: 4453558861717865026

49 Sobieck the Magician (level 3, 0/19 HPs)
             Began as a Deep Elf Fire Elementalist on Jan 31, 2024.
             Slain by Terence
             ... wielding a +1 mace of protection
              (7 damage)
             ... on level 3 of the Dungeon.
             The game lasted 00:02:20 (2026 turns).

Sobieck the Magician (Deep Elf Fire Elementalist)   Turns: 2026, Time: 00:02:21

Health: 0/19       AC:  2    Str:  5    XL:     3   Next: 51%
Magic:  2/10       EV: 12    Int: 21    God:
Gold:   34         SH:  0    Dex: 15    Spells: 7/10 levels left

rFire   . . .        (no weapon)
rCold   . . .        (no shield)
rNeg    . . .        a - +0 robe
rPois   .            (no helmet)
rElec   .            (no cloak)
rCorr   .            (no gloves)
SInv    .            (no boots)
Will    .....        (no amulet)
Stlth   ++           (no ring)
HPRegen 0.23/turn    (no ring)
MPRegen 0.12/turn

%: no passive effects
@: no status effects
A: no striking features
a: no special abilities


You were on level 3 of the Dungeon.
You visited 1 branch of the dungeon, and saw 3 of its levels.

You collected 34 gold pieces.

Inventory:

Armour
 a - a +0 robe (worn)
Scrolls
 c - 2 scrolls of teleportation {unknown}
 e - a scroll of fear {unknown}
 f - a scroll of revelation {unknown}
 g - a scroll of brand weapon {unknown}
 h - a scroll of vulnerability {unknown}
 i - a scroll of identify {unknown}
 m - a scroll of amnesia {unknown}
 n - a scroll of poison {unknown}
Potions
 b - a potion of magic
 d - a potion of heal wounds {unknown}
 j - a potion of brilliance {unknown}
 k - a potion of degeneration {unknown}
 l - a potion of mutation {unknown}


   Skills:
 - Level 2.4 Dodging
 - Level 2.4 Stealth
 + Level 4.0 Spellcasting
 + Level 2.3 Conjurations
 + Level 3.9 Fire Magic


You had 7 spell levels left.
You knew the following spells:

 Your Spells              Type           Power      Damage    Failure   Level
a - Foxfire               Conj/Fire      68%        2x1d7     3%          1
b - Scorch                Fire           40%        2d6       3%          2

Your spell library contained the following spells:

 Spells                   Type           Power      Damage    Failure   Level
 Inner Flame              Hex/Fire       12%        N/A       16%         3
 Volatile Blastmotes      Fire/Tloc      24%        2d12      16%         3
 Ensorcelled Hibernation  Hex/Ice        8%         N/A       19%         2
 Flame Wave               Conj/Fire      17%        2d7       32%         4
 Fugue of the Fallen      Necr           4%         N/A       34%         3
 Anguish                  Hex/Necr       2%         N/A       75%         4


Dungeon Overview and Level Annotations

Branches:
Dungeon (3/15)

Altars:

Annotations:
D:3 Terence


Message History

a +0 dagger; 3 stones; a +0 dagger You see here a +0 dagger.
There is a stone staircase leading down here.
You climb downwards.
There is a stone staircase leading up here.
There are monsters nearby!
Unknown command.
Unknown command.
Found a cloak.
You conjure some foxfire!
You conjure some foxfire!
The foxfire hits Terence but does no damage.
There is not enough space to conjure foxfire!
There is not enough space to conjure foxfire!
There is not enough space to conjure foxfire!
The foxfire hits Terence but does no damage.
The foxfire hits Terence.
Terence is lightly wounded.
The foxfire hits Terence but does no damage.
Terence is lightly wounded.
Terence barely misses you.
You conjure some foxfire!
Terence barely misses you.
You conjure some foxfire!
The foxfire hits Terence but does no damage.
Terence is lightly wounded.
The foxfire hits Terence but does no damage.
Terence is lightly wounded.
Terence hits you with a +1 mace of protection.
* * * LOW HITPOINT WARNING * * *
You conjure some foxfire!
Terence closely misses you.
Casting: Foxfire (safe; 3% risk of failure)
Confirm with . or Enter, or press ? or * to list all spells.
Flames lash Terence.
Terence is moderately wounded.
Terence's fire resistance burns away.
The foxfire hits Terence.
Terence is burned terribly!
Terence is severely wounded.
The foxfire hits Terence!
Terence is burned terribly!
Terence is almost dead.
The foxfire hits Terence but does no damage.
Terence is almost dead.
Terence hits you with a +1 mace of protection!
* * * LOW HITPOINT WARNING * * *
You are too injured to fight recklessly!
Casting: Scorch (safe; 3% risk of failure)
Confirm with . or Enter, or press ? or * to list all spells.
You conjure some foxfire!
Terence hits you with a +1 mace of protection!
You die...
Terence says, "Time to find some more victims."

#### #.. # #
#.# .##
....####v#...#
.......ยง@@...#
.....###v#....#
### .......#
..........
.....r...#.
............
.............
#...[.......#


You could see Terence (combustible, ally target) and a quokka.

Vanquished Creatures
  2 adders (D:2)
  A ribbon worm (D:2)
  2 dart slugs (D:2)
  A bat (D:2)
  2 endoplasms
  2 giant cockroaches (D:1)
  2 hobgoblins (D:2)
  3 kobolds (D:2)
  2 ball pythons
  A frilled lizard (D:1)
  3 goblins
  5 rats
26 creatures vanquished.

Vanquished Creatures (others)
  133 foxfires
133 creatures vanquished.

Grand Total: 159 creatures vanquished

Notes
Turn   | Place    | Note
-------+----------+-------------------------------------------
     0 | D:1      | Sobieck the Deep Elf Fire Elementalist began the quest for
                  | the Orb.
     0 | D:1      | Reached XP level 1. HP: 10/10 MP: 6/6
   424 | D:1      | Reached XP level 2. HP: 15/15 MP: 2/8
   427 | D:1      | Learned a level 2 spell: Scorch
  1538 | D:2      | Reached XP level 3. HP: 19/19 MP: 5/10
  1936 | D:2      | Reached skill level 4 in Spellcasting
  2017 | D:3      | Noticed Terence
  2026 | D:3      | Slain by Terence

Illustrated notes

Levels and vault maps discovered:
D:1:      reono_arrival_forest_river, layout_basic
D:2:      layout_loops_cross
D:3:      minmay_evil_eye, layout_rooms, okawaru_metal_pillars_1_2,
          mainiacjoe_overflow_six_doors_small,
          ebering_ecumenical_altar_abandoned, biasface_ghost_orc_armoury,
          uniq_sigmund, uniq_terence

Skill      XL: |  1  2  3 |
---------------+----------+-----
Conjurations   | 2 |  2.3
Spellcasting   | 4 |  4.0
Dodging        | |  2.4
Stealth        | |  2.4
Fire Magic     | |  3.9

Action                     || total
---------------------------++-------
  Melee: Unarmed           ||     1
   Cast: Foxfire           ||    81
         Scorch            ||     1
 Armour: Robe              ||    15
  Dodge: Dodged            ||    14
